 Dungeon Crawl Stone Soup version 0.24.0-1-gfbc8707122 (webtiles) character file.

Game seed: 2649140543619349525, levelgen mode: deterministic

2781 Descartes the Covert (level 9, -6/39 HPs)
             Began as a Spriggan Conjurer on Oct 26, 2019.
             Was an Initiate of Gozag.
             Killed from afar by a gargoyle (22 damage)
             ... with a stone arrow
             ... on level 8 of the Dungeon.
             The game lasted 00:57:26 (14467 turns).

Descartes the Covert (Spriggan Conjurer)           Turns: 14467, Time: 00:57:27

Health: -6/39      AC: 11    Str:  8    XL:     9   Next: 43%
Magic:  1/20       EV: 19    Int: 20    God:    Gozag
Gold:   961        SH:  0    Dex: 16    Spells: 5/21 levels left

rFire    . . .     SeeInvis +   a - +0 falchion (drain)
rCold    . . .     Gourm    .   (shield restricted)
rNeg     + . .     Faith    .   u - +1 swamp dragon scales of the Secret Orbs {rPois MR- Regen+ Str+4}
rPois    +         Spirit   .   m - +2 hat
rElec    .         Reflect  .   (no cloak)
rCorr    .         Harm     .   (gloves unavailable)
MR       .....                  (boots unavailable)
Stlth    ++++......             (no amulet)
HPRegen  0.53/turn              q - ring of positive energy
MPRegen  0.17/turn              t - ring of stealth

@: very quick
A: very small, unfitting armour, see invisible, herbivore, speed 3, slow
metabolism 2
a: Potion Petition, Call Merchant, Bribe Branch, Renounce Religion


You were on level 8 of the Dungeon.
You worshipped Gozag.
Gozag was pleased with you.
You were hungry.

You visited 2 branches of the dungeon, and saw 9 of its levels.
You also visited: Sewer and Ossuary.

You collected 1012 gold pieces.
You paid 51 gold pieces to Gozag.

Inventory:

Hand Weapons
 a - a +0 falchion of draining (weapon)
 b - a +0 hunting sling
Missiles
 e - 2 boomerangs (quivered)
 f - 264 stones
 g - 116 arrows
 n - 92 bolts
 v - 70 sling bullets
 F - 7 curare-tipped darts
Armour
 m - a +2 hat (worn)
 u - the +1 swamp dragon scales of the Secret Orbs (worn) {rPois MR- Regen+ Str+4}
   (You found it on level 2 of the Dungeon)

   It affects your strength (+4).
   It protects you from poison.
   It affects your resistance to hostile enchantments.
   It increases your rate of regeneration.
Jewellery
 q - a ring of positive energy (left hand)
 t - a ring of stealth (right hand)
 E - a cursed -4 ring of slaying {unknown}
Wands
 o - a wand of flame (24)
 p - a wand of random effects (26)
 r - a wand of polymorph (12)
 y - a wand of iceblast (12)
 D - a wand of digging (6)
 H - a wand of clouds (4)
Scrolls
 d - 5 scrolls of identify
 h - 3 scrolls of enchant weapon
 x - 9 scrolls of remove curse
 z - 8 scrolls of teleportation
 B - a scroll of enchant armour {unknown}
 C - a scroll of fog
Potions
 i - 2 potions of berserk rage
 j - 7 potions of curing
 k - 3 potions of heal wounds
 l - 2 potions of haste
 s - 3 potions of brilliance
 w - 3 potions of agility
 A - 3 potions of lignification {unknown}
 G - a potion of cancellation
Comestibles
 c - 12 rations


   Skills:
 + Level 3.2 Armour
 + Level 7.6 Dodging
 + Level 8.2 Stealth
 + Level 6.8 Spellcasting
 * Level 5.9 Conjurations
 + Level 5.1 Hexes
 + Level 3.5 Charms
 - Level 0.1 Necromancy


You had 5 spell levels left.
You knew the following spells:

 Your Spells              Type           Power        Failure   Level  Hunger
a - Magic Dart            Conj           ####         2%          1    None
b - Searing Ray           Conj           ####..       3%          2    None
c - Dazzling Spray        Conj/Hex       ####..       9%          3    #......
d - Fulminant Prism       Conj/Hex       ####......   28%         4    ###....
e - Stone Arrow           Conj/Erth      ###...       24%         3    #......
f - Regeneration          Chrm/Necr      ##........   36%         3    #......

Your spell library contained the following spells:

 Spells                   Type           Power        Failure   Level  Hunger
 Corona                   Hex            ####...      3%          1    None
 Confuse                  Hex            ####....     10%         3    #......
 Tukima's Dance           Hex            ####....     10%         3    #......
 Ensorcelled Hibernation  Hex/Ice        ###...       14%         2    None
 Iskenderun's Mystic Bla  Conj           ####....     24%         4    ###....
 Animate Skeleton         Necr           N/A          26%         1    None
 Pain                     Necr           #...         26%         1    None
 Corpse Rot               Necr           N/A          38%         2    None
 Vampiric Draining        Necr           #.........   63%         3    #......
 Force Lance              Conj/Tloc      ###.....     63%         4    ###....
 Leda's Liquefaction      Hex/Erth       ###.......   67%         4    ###....
 Animate Dead             Necr           N/A          95%         4    ###....
 Summon Forest            Summ/Tloc      #.........   100%        5    #####..
 Hydra Form               Tmut           #.........   100%        6    ######.
 Summon Hydra             Summ           #.........   100%        7    #######


Dungeon Overview and Level Annotations

Branches:
Dungeon (8/15)             Temple (1/1) D:4           Sewer (visited)
Ossuary (visited)
   Lair: D:8-11

Altars:
Ashenzari
Cheibriados
Dithmenos
Elyvilon
Fedhas
Gozag
Hepliaklqana
Kikubaaqudgha
Makhleb
Nemelex Xobeh
Okawaru
Qazlal
Ru
Sif Muna
Trog
Uskayaw
Vehumet
Wu Jian
Xom
Yredelemnul
Zin
The Shining One

Annotations:
D:2 Menkaure
D:4 Edmund


Innate Abilities, Weirdness & Mutations

You are very small and have problems with some larger weapons.
You are too small for most types of armour.
You have supernaturally acute eyesight. (SInv)
You are a herbivore.
You cover ground extremely quickly.
You need to consume almost no food.


Message History

Aiming: Magic Dart (safe; 2% risk of failure)
Press: ? - help, Shift-Dir - straight line, f/p - gargoyle
Aim: a gargoyle, wielding a +2 morningstar of protection (lightly damaged)
The magic dart hits the gargoyle but does no damage.
The gargoyle is lightly damaged.
Casting: Magic Dart (safe; 2% risk of failure)
Confirm with . or Enter, or press ? or * to list all spells.
Aiming: Searing Ray (safe; 3% risk of failure)
Press: ? - help, Shift-Dir - straight line, f/p - gargoyle
Aim: a gargoyle, wielding a +2 morningstar of protection (lightly damaged)
The searing ray hits the gargoyle but does no damage.
The gargoyle is lightly damaged. (Press . to maintain the ray.)
The gargoyle hits you with a +2 morningstar of protection!
You see here a +0 ring mail.
The gargoyle hurls a stone arrow at you.
The stone arrow hits you!!
Ouch! That really hurt!
You die...
Your body crumbles into a pile of gold.

#################
#<..............#
###############.#
##@###### #.[.....# #####
#.......# #....
#.9.....#######....
########.(..........##....
#.......#)#####.....##....
#.......#'## #.....##....
#........$.# #..)..###...
######.....# #.....###...


You could see a gargoyle.

Vanquished Creatures
  A hornet (D:6)
  A hippogriff (D:8)
  Sigmund (D:5)
  A necrophage (D:8)
  A black bear (D:6)
  A phantom (D:7)
  An eye of draining (D:8)
  3 ogres
  A centaur (D:7)
  A big kobold (D:8)
  2 scorpions
  2 howler monkeys
  2 crimson imps
  A bullfrog zombie (D:8)
  A human zombie (D:5)
  2 centaur zombies
  3 hounds
  A jelly (D:8)
  3 orc priests (D:4)
  A bullfrog skeleton (D:5)
  A centaur skeleton (D:4)
  2 iguanas (D:6)
  2 orc wizards
  5 worker ants
  7 big kobold zombies (Ossuary)
  5 mummies (Ossuary)
  A hound skeleton (D:6)
  Robin (D:1)
  11 adders
  3 gnolls (D:6)
  2 river rats (D:3)
  2 shadow imps
  7 oozes
  2 adder zombies
  10 worms
  A dart slug (D:1)
  4 leopard geckos
  18 orcs
  5 ball pythons
  11 bats
  A bat skeleton (D:2)
  A bat zombie (D:2)
  5 giant cockroaches
  14 goblins
  8 hobgoblins
  15 jackals
  8 kobolds
  5 quokkas
  7 frilled lizards
  4 hobgoblin zombies (Ossuary)
  A jackal zombie (D:5)
  A kobold zombie (D:5)
  2 leopard gecko skeletons
  6 rats
208 creatures vanquished.

Vanquished Creatures (others)
  5 dream sheep (D:5)
  2 fulminant prisms (Ossuary)
7 creatures vanquished.

Grand Total: 215 creatures vanquished

Notes
Turn   | Place    | Note
-------+----------+-------------------------------------------
     0 | D:1      | Descartes the Spriggan Conjurer began the quest for the
                  | Orb.
     0 | D:1      | Reached XP level 1. HP: 9/9 MP: 5/5
   259 | D:1      | Reached XP level 2. HP: 13/13 MP: 4/6
  1101 | D:1      | Reached XP level 3. HP: 16/16 MP: 3/8
  1784 | D:2      | Learned a level 2 spell: Searing Ray
  1788 | D:2      | Learned a level 3 spell: Dazzling Spray
  1992 | D:2      | Reached XP level 4. HP: 21/21 MP: 5/10
  2101 | D:2      | Found a shadowy altar of Dithmenos.
  2134 | D:2      | Reached skill level 4 in Stealth
  2298 | D:2      | Noticed Robin
  2325 | D:1      | Killed Robin
  2662 | D:2      | Found a transporter.
  2665 | D:2      | Found a transporter.
  2683 | D:2      | Found a basalt altar of Yredelemnul.
  2687 | D:2      | Noticed Menkaure
  2692 | D:2      | Noticed a phantom
  2693 | D:2      | Found an ancient bone altar of Kikubaaqudgha.
  3155 | D:2      | Got ancient swamp dragon scales
  3211 | D:2      | Identified the cursed +1 swamp dragon scales of the Secret
                  | Orbs {rPois MR- Regen+ Str+4} (You found it on level 2 of
                  | the Dungeon)
  3538 | D:3      | Reached XP level 5. HP: 24/24 MP: 5/12
  3595 | D:3      | Found an ornate altar of the Wu Jian Council.
  3903 | D:3      | Reached skill level 1 in Hexes
  3991 | D:3      | Found a glowing drain.
  3998 | Sewer    | Entered a sewer
  4975 | Sewer    | Reached XP level 6. HP: 28/28 MP: 0/13
  5956 | D:3      | Learned a level 4 spell: Fulminant Prism
  6040 | D:4      | Reached skill level 1 in Armour
  6099 | D:4      | Reached skill level 5 in Stealth
  6232 | D:4      | Found a staircase to the Ecumenical Temple.
  6242 | Temple   | Entered the Ecumenical Temple
  6251 | Temple   | Became a worshipper of Gozag Ym Sagoz the Greedy
  6658 | D:4      | Reached skill level 5 in Dodging
  6658 | D:4      | Reached skill level 5 in Spellcasting
  6873 | D:4      | Reached XP level 7. HP: 29/32 MP: 6/15
  6937 | D:4      | Found a glowing golden altar of the Shining One.
  7215 | D:4      | Found a burning altar of Makhleb.
  7363 | D:4      | Found a sacrificial altar of Ru.
  7657 | D:4      | Found a bloodstained altar of Trog.
  7840 | D:4      | Found a burning altar of Makhleb.
  7844 | D:4      | Found a sacrificial altar of Ru.
  7871 | D:4      | Found a glowing golden altar of the Shining One.
  7970 | D:4      | Found a staircase to the Ecumenical Temple.
  8310 | D:4      | Found a bloodstained altar of Trog.
  8359 | D:5      | Entered Level 5 of the Dungeon
  8440 | D:5      | Reached skill level 6 in Stealth
  8445 | D:5      | Noticed Edmund
  8451 | D:5      | Noticed Sigmund
  8720 | D:5      | Found a sand-covered staircase.
  8730 | Ossuary  | Entered an ossuary
  9141 | D:5      | Reached XP level 8. HP: 36/36 MP: 13/17
 10244 | D:5      | Noticed a dream sheep
 10244 | D:5      | Noticed a dream sheep
 10244 | D:5      | Noticed a dream sheep
 10244 | D:5      | Noticed a dream sheep
 10244 | D:5      | Noticed a dream sheep
 10244 | D:5      | Found a shimmering altar of Xom.
 10252 | D:5      | Killed a dream sheep
 10252 | D:5      | Killed a dream sheep
 10252 | D:5      | Killed a dream sheep
 10252 | D:5      | Killed a dream sheep
 10252 | D:5      | Killed a dream sheep
 10277 | D:5      | Killed Sigmund
 10614 | D:6      | Reached skill level 7 in Stealth
 10614 | D:6      | Reached skill level 5 in Conjurations
 11095 | D:6      | Learned a level 3 spell: Regeneration
 11097 | D:6      | Learned a level 1 spell: Animate Skeleton
 11592 | D:7      | Reached skill level 1 in Charms
 11747 | D:7      | Noticed a hornet
 11826 | D:6      | Killed a hornet
 12134 | D:7      | Reached XP level 9. HP: 38/39 MP: 13/19
 12614 | D:7      | Found a hazy altar of Hepliaklqana.
 12618 | D:7      | Found a stormy altar of Qazlal.
 12619 | D:7      | Found an iron altar of Okawaru.
 13202 | D:8      | Noticed a gargoyle
 13725 | D:8      | Reached skill level 8 in Stealth
 14050 | D:8      | Reached skill level 5 in Hexes
 14209 | D:8      | Learned a level 3 spell: Stone Arrow
 14288 | D:8      | Noticed a +0 dagger
 14289 | D:8      | Found a hide-covered altar of Uskayaw.
 14291 | D:8      | Noticed a +0 hand axe
 14467 | D:8      | Killed from afar by a gargoyle

Levels and vault maps discovered:
D:1:      erik_arrival_cave_to_civilisation [erik_arrival_cave_to_hall],
          layout_basic
D:2:      layout_basic, gammafunk_temple_of_torment, grunt_dithmenos_smoke,
          uniq_robin
D:3:      layout_loops_cross, nicolae_overflow_crystal_walls,
          lightli_sewer_entry_pipes
D:4:      layout_loops_ring, lemuel_crystal_altar, lightli_temple_of_fire,
          grunt_temple_overflow_open, minmay_temple_entry_tees, first_ration
D:5:      layout_basic, kb_xom_exploding_sheep, enter_ossuary_3, uniq_edmund,
          uniq_sigmund, uniq_menkaure
D:6:      layout_layer_cave
D:7:      layout_loops_ring, minitemple
D:8:      cheibrodos_statue_roulette, layout_basic, dancing_weapons_uskayaw
Temple:   dpeg_three_leaves_temple

Skill      XL: |  1  2  3  4  5  6  7  8  9 |
---------------+----------------------------+-----
Conjurations   | 3 4 5 |  5.9
Spellcasting   | 3 4 5 6 |  6.8
Stealth        | 4 5 6 7 8 |  8.2
Dodging        | 4 5 7 |  7.6
Hexes          | 1 2 3 4 5 |  5.1
Armour         | 1 2 3 |  3.2
Charms         | 2 3 |  3.5
Necromancy     | |  0.1

Action                   |  1- 3 |  4- 6 |  7- 9 || total
-------------------------+-------+-------+-------++-------
Melee: Dagger            |    13 |    40 |   156 ||   209
       Falchion          |       |       |    14 ||    14
 Fire: Hunting sling     |     2 |    17 |    12 ||    31
 Cast: Magic Dart        |    96 |   258 |   345 ||   699
       Searing Ray       |       |    12 |    26 ||    38
       Fulminant Prism   |       |       |     2 ||     2
       Dazzling Spray    |       |       |     8 ||     8
       Regeneration      |       |       |     1 ||     1
Invok: Potion Petition   |       |       |     1 ||     1
  Use: Scroll            |       |    11 |     5 ||    16
       Potion            |       |     5 |     3 ||     8
 Stab: Sleeping          |       |       |     1 ||     1
  Eat: Ration            |       |     1 |     4 ||     5
Armor: Robe              |     1 |     2 |       ||     3
       Animal skin       |       |     6 |       ||     6
       Swamp dragon scal |       |    46 |    92 ||   138
Dodge: Dodged            |    25 |   194 |   272 ||   491
       Rpst.: Falchion   |       |       |     7 ||     7
